 Dungeon Crawl Stone Soup version 0.24.0-41-g2ae2f7f1be (webtiles) character file.

Game seed: 7716888669384925220, levelgen mode: deterministic

479 mortelune the Firebug (level 6, -13/32 HPs)
             Began as a Deep Elf Fire Elementalist on Dec 13, 2019.
             Mangled by an ogre
             ... wielding a cursed -2 giant club
              (29 damage)
             ... on level 5 of the Dungeon.
             The game lasted 00:13:33 (7031 turns).

mortelune the Firebug (Deep Elf Fire Elementalist)  Turns: 7031, Time: 00:13:34

Health: -13/32     AC:  5    Str:  9    XL:     6   Next: 86%
Magic:  3/14       EV: 13    Int: 22    God:
Gold:   136        SH:  0    Dex: 15    Spells: 4/14 levels left

rFire    x . .     SeeInvis .   h - +0 whip (vamp)
rCold    + . .     Gourm    .   (no shield)
rNeg     . . .     Faith    .   n - +2 leather armour of the Foremost Songs {*Slow Regen+ Slay+5 Stlth-}
rPois    .         Spirit   .   (no helmet)
rElec    .         Reflect  .   (no cloak)
rCorr    .         Harm     .   (no gloves)
MR       .....                  (no boots)
Stlth    +.........             (no amulet)
HPRegen  0.50/turn              b - ring of ice
MPRegen  0.14/turn              q - +4 ring of strength

@: very slightly contaminated
A: no striking features
a: no special abilities


You were on level 5 of the Dungeon.
You were not hungry.

You visited 1 branch of the dungeon, and saw 5 of its levels.
You also visited: Ossuary.

You collected 334 gold pieces.
You spent 198 gold pieces at shops.

Inventory:

Hand Weapons
 e - a +0 club
 h - a +0 vampiric whip (weapon)
Armour
 a - a +1 robe
 n - the +2 leather armour of the Foremost Songs (worn) {*Slow Regen+ Slay+5 Stlth-}
   (You found it on level 4 of the Dungeon)

   It affects your accuracy and damage with ranged weapons and melee attacks
   (+5).
   It increases your rate of regeneration.
   It may slow you when you take damage.
   It makes you less stealthy.
Jewellery
 b - a ring of ice (left hand)
 q - a +4 ring of strength (right hand)
Wands
 v - a wand of acid (6)
Scrolls
 d - 6 scrolls of teleportation
 g - 4 scrolls of remove curse
 i - 2 scrolls of amnesia
 k - a scroll of blinking
 t - a scroll of fog {unknown}
Potions
 f - 4 potions of heal wounds
 l - 3 potions of mutation
 m - a potion of resistance
 o - 3 potions of curing
 p - 2 potions of haste
 u - a potion of lignification {unknown}
Comestibles
 c - 8 rations


   Skills:
 + Level 4.1 Dodging
 - Level 2.4 Stealth
 + Level 4.6 Spellcasting
 * Level 4.6 Conjurations
 * Level 5.7 Fire Magic


You had 4 spell levels left.
You knew the following spells:

 Your Spells              Type           Power        Failure   Level  Hunger
a - Flame Tongue          Conj/Fire      ####.        1%          1    None
b - Throw Flame           Conj/Fire      ####..       2%          2    None
c - Conjure Flame         Conj/Fire      ####....     5%          3    ##.....
d - Sticky Flame          Conj/Fire      ####....     17%         4    ####...

Your spell library contained the following spells:

 Spells                   Type           Power        Failure   Level  Hunger
 Inner Flame              Hex/Fire       ###.....     14%         3    ##.....
 Fireball                 Conj/Fire      ####......   43%         5    #####..


Dungeon Overview and Level Annotations

Branches:
Dungeon (5/15)            Ossuary (visited)
 Temple: D:4-7

Altars:
Ashenzari
Elyvilon
Kikubaaqudgha
Nemelex Xobeh
Okawaru
Uskayaw
Zin
The Shining One

Shops:
D:5 }

Annotations:
D:5 2 runed translucent doors, EmberCloud's ghost, novice DsGl


Message History

The ogre shouts!
You are starving!
The ogre hits you with a cursed -2 giant club!!
Ouch! That really hurt!
Found a robe.
Found a stone staircase leading down.
Okay, then.
You eat one of the 9 rations.
That ration really hit the spot!
The ogre completely misses you.
Casting: Flame Tongue (safe; 1% risk of failure)
Confirm with . or Enter, or press ? or * to list all spells.
Aiming: Sticky Flame (slightly dangerous; 17% risk of failure)
Press: ? - help, Shift-Dir - straight line, f - ogre
Aim: an ogre, wielding a -2 giant club The sticky flame hits the ogre!
The ogre is moderately wounded.
The ogre is covered in liquid flames!
The ogre burns!
The ogre hits you with a cursed -2 giant club!!
Ouch! That really hurt!
You die...

###
..##################
..'............O@[>#
..#######....#####.#
..# #....# # #.#
#....# #.# #....#
#.# #....# #.#
#....# #.# #....#


You could see an ogre (burning).

Vanquished Creatures
  2 howler monkeys
  A crimson imp (D:5)
  A bullfrog zombie (D:5)
  An orc priest (D:4)
  An orc wizard (D:5)
  An iguana (D:4)
  A hound zombie (Ossuary)
  4 mummies (Ossuary)
  6 adders
  A shadow imp (D:5)
  An ooze (D:1)
  An adder skeleton (D:5)
  3 adder zombies
  A worm (D:2)
  A leopard gecko (D:1)
  11 orcs
  3 giant cockroaches
  12 goblins
  9 hobgoblins
  8 jackals (D:2)
  A quokka (D:2)
  A ball python (D:2)
  6 bats
  5 frilled lizards
  2 goblin zombies (D:5)
  3 hobgoblin zombies (Ossuary)
  2 jackal zombies (Ossuary)
  10 kobolds
  An orc zombie (Ossuary)
  A quokka skeleton (D:4)
  5 rats
  3 rat zombies (Ossuary)
109 creatures vanquished.

Notes
Turn   | Place    | Note
-------+----------+-------------------------------------------
     0 | D:1      | mortelune the Deep Elf Fire Elementalist began the quest
                  | for the Orb.
     0 | D:1      | Reached XP level 1. HP: 10/10 MP: 6/6
   476 | D:1      | Reached XP level 2. HP: 4/15 MP: 2/8
   813 | D:1      | Learned a level 2 spell: Throw Flame
  1592 | D:1      | Reached XP level 3. HP: 17/19 MP: 1/9
  1770 | D:2      | You fall into a shaft and drop 1 floor!
  1947 | D:3      | Reached skill level 4 in Fire Magic
  1997 | D:3      | Learned a level 3 spell: Conjure Flame
  2446 | D:2      | Found a glowing silver altar of Zin.
  2482 | D:2      | Reached XP level 4. HP: 24/24 MP: 6/11
  4206 | D:3      | Found a shattered altar of Ashenzari.
  5118 | D:4      | Found a hide-covered altar of Uskayaw.
  5221 | D:4      | Reached XP level 5. HP: 6/28 MP: 7/12
  5492 | D:4      | Found a glowing golden altar of the Shining One.
  5500 | D:4      | Found a white marble altar of Elyvilon.
  5501 | D:4      | Found a sparkling altar of Nemelex Xobeh.
  5504 | D:4      | Found an iron altar of Okawaru.
  5538 | D:4      | Learned a level 4 spell: Sticky Flame
  5581 | D:4      | Got a fine leather armour
  5592 | D:4      | Identified the +2 leather armour of the Foremost Songs
                  | {*Slow Regen+ Slay+5 Stlth-} (You found it on level 4 of
                  | the Dungeon)
  6440 | D:5      | Entered Level 5 of the Dungeon
  6452 | D:4      | Reached skill level 5 in Fire Magic
  6462 | D:5      | Reached XP level 6. HP: 32/32 MP: 1/14
  6481 | D:5      | Found a large runed translucent door.
  6482 | D:5      | Found a large runed translucent door.
  6486 | D:5      | Noticed EmberCloud's ghost (novice DsGl)
  6565 | D:5      | Found an ancient bone altar of Kikubaaqudgha.
  6681 | D:5      | Found Kehoshaf's Gadget Shop.
  6688 | D:5      | Bought a wand of acid (5) for 198 gold pieces
  6730 | D:5      | Found a sand-covered staircase.
  6741 | Ossuary  | Entered an ossuary
  7031 | D:5      | Mangled by an ogre

Levels and vault maps discovered:
D:1:      minmay_arrival_pointy, layout_basic
D:2:      layout_loops_corners, old_standard_altar
D:3:      layout_basic, ashenzari_altar_1, minmay_goblin_outpost
D:4:      corexii_shack_village, layout_loops_ring, overflow_temple_1_default,
          grunt_temple_overflow_open
D:5:      layout_basic, kiku_gazebo_garden_becter, ebering_ghost_disaster_area,
          serial_shops, shop, gup_sewer_entry_bowl, first_ration,
          enter_ossuary_4, st_stairs_14, minmay_misc_feat_columns,
          minmay_misc_feat_room, minivault_19

Skill      XL: |  1  2  3  4  5  6 |
---------------+-------------------+-----
Conjurations   | 2 3 4 |  4.6
Fire Magic     | 4 5 |  5.7
Dodging        | 3 4 |  4.1
Spellcasting   | 4 |  4.6
Stealth        | |  2.4

Action                   |  1- 3 |  4- 6 || total
-------------------------+-------+-------++-------
Melee: Whip              |    18 |    85 ||   103
 Cast: Flame Tongue      |    34 |    84 ||   118
       Throw Flame       |    29 |    39 ||    68
       Sticky Flame      |       |     4 ||     4
  Use: Scroll            |       |    12 ||    12
       Potion            |       |     1 ||     1
 Stab: Invisible         |       |     6 ||     6
  Eat: Chunk             |     6 |    13 ||    19
       Ration            |       |     1 ||     1
Armor: Robe              |     3 |     2 ||     5
       Leather armour    |       |    25 ||    25
Dodge: Dodged            |    32 |    99 ||   131
